 Dungeon Crawl Stone Soup version 0.19.5 (webtiles) character file.

4440 JeffiDaFish the Basher (level 10, -14/63 HPs)
             Began as a Gargoyle Fighter on May 3, 2017.
             Was a Priest of Okawaru.
             Killed from afar by a deep elf mage (25 damage)
             ... with a bolt of cold
             ... on level 9 of the Dungeon.
             The game lasted 00:18:05 (7936 turns).

JeffiDaFish the Basher (Gargoyle Fighter)           Turns: 7936, Time: 00:18:06

Health: -14/63     AC: 21    Str: 21    XL:     10   Next: 37%
Magic:  14/14      EV:  7    Int:  8    God:    Okawaru [***...]
Gold:   458        SH: 11    Dex: 12    Spells: 1 memorised, 14 levels left

rFire  . . .     SeeInvis .     r - +0 flail (drain)
rCold  . . .     Gourm    .     s - +0 chain mail
rNeg   + + .     Faith    .     c - +0 shield
rPois  ∞         Spirit   .     u - +2 hat
rElec  +         Reflect  .     (no cloak)
rCorr  .         Harm     .     (no gloves)
MR     .....                    g - +0 pair of boots (curse)
Stlth  ..........               (no amulet)
                                w - ring of wizardry
                                i - ring of positive energy

@: no status effects
A: negative energy resistance 1, electricity resistance, unbreathing,
petrification resistance, rot immunity, AC +7
a: Heroism, Renounce Religion


You were on level 9 of the Dungeon.
You worshipped Okawaru.
Okawaru was most pleased with you.
You were not hungry.

You visited 2 branches of the dungeon, and saw 10 of its levels.
You also visited: Sewer and Bailey.

You collected 533 gold pieces.
You spent 75 gold pieces at shops.

Inventory:

Hand Weapons
 a - a +1 flail
 r - a +0 flail of draining (weapon)
Armour
 c - a +0 shield (worn)
 g - a cursed +0 pair of boots (worn)
 s - a +0 chain mail (worn)
 u - a +2 hat (worn)
Jewellery
 i - a ring of positive energy (left hand)
 w - a ring of wizardry (right hand)
Scrolls
 k - 5 scrolls of remove curse
 l - 3 scrolls of identify
 m - a scroll of fear
 q - 3 scrolls of fog
 t - a scroll of enchant weapon
 y - 3 scrolls of teleportation
 z - 2 scrolls of blinking
Potions
 e - a potion of brilliance
 o - 2 potions of ambrosia
 x - 2 potions of curing
Books
 p - a book of Necromancy

   Spells                             Type                      Level
   a - Pain                           Necromancy                   1
   b - Animate Skeleton               Necromancy                   1
   c - Vampiric Draining              Necromancy                   3
   d - Regeneration                   Charms/Necromancy            3
   e - Animate Dead                   Necromancy                   4
   f - Control Undead                 Necromancy                   4
 v - a book of Battle

   Spells                             Type                      Level
   a - Infusion                       Charms                       1
   b - Shroud of Golubria             Charms/Translocation         2
   c - Song of Slaying                Charms                       2
   d - Spectral Weapon                Hexes/Charms                 3
   e - Regeneration                   Charms/Necromancy            3
Comestibles
 f - 6 bread rations
 h - 4 beef jerkies
 j - 5 meat rations
 n - a slice of pizza


   Skills:
 * Level 7.3 Fighting
 * Level 8.5 Maces & Flails
 * Level 7.4 Armour
 - Level 1.9 Dodging
 * Level 8.3 Shields
 + Level 3.0 Spellcasting
 + Level 2.8 Charms


You had 14 spell levels left.
You knew the following spells:

 Your Spells              Type           Power        Failure   Level  Hunger
a - Infusion              Chrm           #...         82%         1    ##.....


Dungeon Overview and Level Annotations

Branches:
Dungeon (9/15)             Temple (1/1) D:6            Lair (0/6) D:8
    Orc: D:9-12

Altars:
Ashenzari
Cheibriados
Dithmenos
Elyvilon
Fedhas
Gozag
Hepliaklqana
Kikubaaqudgha
Makhleb
Nemelex Xobeh
Okawaru
Qazlal
Ru
Sif Muna
Trog
Uskayaw
Vehumet
Xom
Yredelemnul
Zin
The Shining One

Shops:
D:5 =   D:6 ?


Innate Abilities, Weirdness & Mutations

You are resistant to torment.
Your stone body is resilient. (AC +7)
You are immune to poison.
You resist negative energy. (rN+)
You are resistant to electric shocks. (rElec)
You can survive without breathing.
You are immune to petrification.
You are immune to rotting.


Message History

You hit the deep elf mage. You drain the deep elf mage!
The deep elf mage is moderately wounded.
You block the deep elf mage's attack.
You completely miss the deep elf mage.
The deep elf mage is moderately wounded.
The deep elf mage closely misses you.
You hit the deep elf mage. You drain the deep elf mage!
The deep elf mage is heavily wounded.
The deep elf mage points at you and mumbles some strange words.
The bolt of cold misses you.
Your chain mail prevents you from hitting the deep elf mage.
The deep elf mage is heavily wounded.
The deep elf mage casts a spell at you. The bolt of cold hits you!
* * * LOW HITPOINT WARNING * * *
You hit the deep elf mage but do no damage.
The deep elf mage is heavily wounded.
The deep elf mage points at you and mumbles some strange words.
The bolt of cold hits you!
You die...

#+######## #(( .........###
####)# .........+.## #.....
........(...###+#### #.)...
.............).....## #.....
..........≈≈≈)(≈≈.+.#####.....
..........≈#####≈.............
..........≈#..e#≈..######.....
..........≈#.@.#≈..# ######
########..≈#...#≈..#
#..≈##.##≈..# #..≈≈≈))≈≈.##
##.........# ###########


You could see a deep elf mage.

Vanquished Creatures
  The ghost of Morgon the Carver, a novice HaMo of Makhleb (D:7)
  2 deep elf magi (Bailey)
  A hungry ghost (D:9)
  A water moccasin (D:8)
  3 ice beasts
  An orc warrior (D:8)
  2 sky beasts
  A phantom (D:6)
  The ghost of baldghoti the Cudgeler, an amateur MiBe of Trog (D:3)
  4 ogres
  2 centaurs
  4 big kobolds
  4 bullfrogs
  5 howler monkeys
  8 crimson imps
  A quasit (D:9)
  5 hounds
  3 orc priests
  A jelly (D:8)
  2 orc wizards
  An iguana (D:6)
  2 worker ants
  A hound zombie (D:9)
  A hound skeleton (D:4)
  7 gnolls
  7 adders
  2 river rats
  3 oozes (Sewer)
  An adder zombie (D:7)
  5 worms
  3 dart slugs (D:1)
  3 leopard geckos
  19 orcs
  10 bats
  3 giant cockroaches
  9 goblins
  6 hobgoblins
  5 quokkas
  7 ball pythons
  6 frilled lizards
  A jackal skeleton (D:4)
  20 kobolds
  A leopard gecko zombie (D:6)
  11 rats
186 creatures vanquished.

Notes
Turn   | Place    | Note
-------+----------+-------------------------------------------
     0 | D:1      | JeffiDaFish the Gargoyle Fighter began the quest for the Orb.
     0 | D:1      | Reached XP level 1. HP: 14/14 MP: 1/1
   747 | D:1      | Reached XP level 2. HP: 19/19 MP: 2/2
  1031 | D:1      | Reached XP level 3. HP: 20/23 MP: 3/3
  1248 | D:2      | Reached XP level 4. HP: 21/28 MP: 4/4
  1277 | D:2      | Found a snail-covered altar of Cheibriados.
  1774 | D:3      | Reached skill level 1 in Dodging
  1785 | D:3      | Reached XP level 5. HP: 11/32 MP: 5/5
  1967 | D:3      | Noticed baldghoti's ghost (amateur MiBe)
  1980 | D:3      | Killed baldghoti's ghost
  2102 | D:3      | Found a glowing drain.
  2111 | Sewer    | Entered a sewer
  2144 | Sewer    | Reached XP level 6. HP: 34/38 MP: 6/6
  2478 | Sewer    | Reached skill level 5 in Maces & Flails
  2478 | Sewer    | Reached skill level 5 in Shields
  2478 | Sewer    | Reached XP level 7. HP: 43/43 MP: 7/7
  3008 | D:3      | Found a hazy altar of Hepliaklqana.
  3938 | D:4      | Found an opulent altar of Gozag.
  4026 | D:4      | Reached XP level 8. HP: 34/48 MP: 8/8
  4191 | D:5      | Entered Level 5 of the Dungeon
  4252 | D:5      | Found a blossoming altar of Fedhas.
  4359 | D:5      | Found Menop's Jewellery Shop.
  4408 | D:5      | Learned a level 1 spell: Infusion
  4895 | D:6      | Reached skill level 5 in Fighting
  4895 | D:6      | Reached skill level 5 in Armour
  4951 | D:6      | Found Gilomn's Magic Scroll Shop.
  4954 | D:6      | Bought a scroll of enchant weapon for 75 gold pieces
  5366 | D:6      | Found a staircase to the Ecumenical Temple.
  5388 | D:6      | Reached skill level 1 in Spellcasting
  5424 | Temple   | Entered the Ecumenical Temple
  5506 | D:6      | Reached skill level 1 in Charms
  5876 | D:7      | Found an iron altar of Okawaru.
  5881 | D:7      | Became a worshipper of Warmaster Okawaru
  5899 | D:7      | Reached XP level 9. HP: 52/54 MP: 10/10
  6424 | D:7      | Noticed Morgon's ghost (novice HaMo)
  6455 | D:7      | Killed Morgon's ghost
  6455 | D:7      | Reached * piety under Okawaru
  6780 | D:8      | Found a staircase to the Lair.
  7133 | D:8      | Found a stormy altar of Qazlal.
  7211 | D:8      | Reached ** piety under Okawaru
  7462 | D:9      | Reached XP level 10. HP: 59/61 MP: 13/13
  7636 | D:9      | Found a flagged portal.
  7658 | Bailey   | Entered a bailey
  7667 | Bailey   | Noticed a deep elf mage
  7690 | Bailey   | Killed a deep elf mage
  7884 | Bailey   | Noticed a deep elf mage
  7885 | Bailey   | Noticed a deep elf mage
  7885 | Bailey   | Noticed a deep elf mage
  7886 | Bailey   | Noticed a deep elf mage
  7895 | Bailey   | Noticed a deep elf mage
  7920 | Bailey   | Killed a deep elf mage
  7920 | Bailey   | Reached *** piety under Okawaru
  7936 | D:9      | Killed from afar by a deep elf mage

Skill      XL: |  1  2  3  4  5  6  7  8  9 10 |
---------------+-------------------------------+-----
Maces & Flails | 3 5 6 7 8 |  8.5
Dodging        | 1 |  1.9
Armour         | 4 5 7 |  7.4
Shields        | 4 5 6 8 |  8.3
Fighting       | 4 5 6 7 |  7.3
Spellcasting   | 1 2 3 |  3.0
Charms         | 1 2 |  2.8

Action                   |  1- 3 |  4- 6 |  7- 9 | 10-12 || total
-------------------------+-------+-------+-------+-------++-------
Melee: Flail             |   101 |   257 |   667 |   127 ||  1152
  Use: Scroll            |     3 |     5 |     5 |     1 ||    14
       Potion            |     1 |     1 |     9 |     2 ||    13
  Eat: Chunk             |     1 |     5 |    16 |     3 ||    25
       Royal jelly       |       |       |     1 |       ||     1
       Pizza             |       |       |     1 |       ||     1
Armor: Scale mail        |    72 |   127 |    57 |       ||   256
       Chain mail        |       |       |   266 |    85 ||   351
       Skin              |       |       |     8 |       ||     8
Dodge: Dodged            |    40 |    84 |   180 |    49 ||   353
Block: Shield            |    65 |   158 |   351 |    74 ||   648
